 Dungeon Crawl Stone Soup version 0.30-a0-4-ga7cffc901d (webtiles) character file.

Game seed: 882965240831545491

3091 Zonian the Covert (level 9, 0/42 HPs)
             Began as a Spriggan Brigand on Aug 21, 2022.
             Was a Follower of Dithmenos.
             Killed from afar by a steam dragon (17 damage)
             ... with a ball of steam
             ... on level 7 of the Dungeon.
             The game lasted 00:19:55 (9435 turns).

Zonian the Covert (Spriggan Brigand)                Turns: 9435, Time: 00:19:56

Health: 0/42       AC:  7    Str:  7    XL:     9   Next: 59%
Magic:  10/10      EV: 24    Int:  9    God:    Dithmenos [*.....]
Gold:   289        SH:  9    Dex: 21    Spells: 8/8 levels left

rFire   . . .      SeeInvis +    A - +1 rapier (elec)
rCold   . . .      Faith    .    h - +3 buckler "Ugira" {Rampage rPois rN++ Int-3}
rNeg    + + .      Spirit   .    b - +0 robe
rPois   +          Reflect  .    (helmet restricted)
rElec   .          Harm     .    z - +0 cloak
rCorr   .          Rampage  +    (gloves unavailable)
Will    +....                    (boots unavailable)
Stlth   +++++++...               (no amulet)
HPRegen 0.14/turn                l - +4 ring of protection
MPRegen 0.12/turn                (no ring)

@: wreathed by umbra, very quick
A: very small, no large weapons, unfitting armour, see invisible, speed 3
a: Renounce Religion


You were on level 7 of the Dungeon.
You worshipped Dithmenos.
Dithmenos was aware of your devotion.
You visited 1 branch of the dungeon, and saw 7 of its levels.

You collected 367 gold pieces.
You spent 78 gold pieces at shops.

Inventory:

Hand Weapons
 a - a +2 dagger
 g - a +2 short sword of venom
 i - a +0 vorpal sling
 p - a +4 falchion
 q - a +0 sling
 t - a +3 short sword
 A - a +1 rapier of electrocution (weapon)
Missiles
 d - 10 poisoned darts (quivered)
 e - a curare-tipped dart
Armour
 b - a +0 robe (worn)
 c - a +0 cloak
 h - the +3 buckler "Ugira" (worn) {Rampage rPois rN++ Int-3}
   (You acquired it on level 4 of the Dungeon)

   Int:       It affects your intelligence (-3).
   rPois:     It protects you from poison.
   rN:        It greatly protects you from negative energy.
   Rampage:   It bestows one free step when moving towards enemies.
 z - a +0 cloak (worn)
Jewellery
 l - a +4 ring of protection (left hand)
 v - a ring of ice
Wands
 j - a wand of polymorph (5)
 n - a wand of quicksilver (2)
 s - a wand of paralysis (13)
Scrolls
 f - a scroll of butterflies
 r - 2 scrolls of teleportation
 x - a scroll of magic mapping
 y - 2 scrolls of summoning
 E - 3 scrolls of blinking {unknown}
Potions
 k - a potion of attraction
 m - 4 potions of mutation
 o - 3 potions of heal wounds {unknown}
 u - 2 potions of ambrosia {unknown}
 w - 4 potions of lignification {unknown}
 B - 3 potions of might {unknown}
 C - a potion of degeneration {unknown}
 D - a potion of cancellation {unknown}


   Skills:
 - Level 2.0 Fighting
 + Level 8.4 Short Blades
 - Level 4.0 Throwing
 + Level 9.8 Dodging
 + Level 12.8 Stealth


You had 8 spell levels left.
You didn't know any spells.
Your spell library contained the following spells:

 Spells                   Type           Power      Damage    Failure   Level
 Apportation              Tloc           0%         N/A       65%         1
 Alistair's Intoxication  Tmut/Pois      0%         N/A       100%        5


Dungeon Overview and Level Annotations

Branches:
Dungeon (7/15)
 Temple: D:4-7

Altars:
Dithmenos
Fedhas
Qazlal
Sif Muna
Wu Jian
The Shining One

Shops:
D:3 !

Annotations:
D:5 1 runed translucent door, Crazy Yiuf
D:6 Pikel


Innate Abilities, Weirdness & Mutations

You are very small and have problems with some larger weapons.
You are too small for most types of armour.
You have supernaturally acute eyesight. (SInv)
You cover ground extremely quickly. (Speed+++)


Message History

The steam dragon closely misses you. x2
You hit the steam dragon.
Lightning courses through the steam dragon!
The steam dragon is heavily wounded.
The steam dragon breathes steam at you. The ball of steam hits you!
You hit the steam dragon.
The steam dragon is heavily wounded.
You are engulfed in a cloud of scalding steam.
The steam dragon barely misses you. The steam dragon claws you.
You are too injured to fight recklessly!
You are too injured to fight recklessly!
Unknown command.
Unknown command.
You barely miss the steam dragon.
The steam dragon is heavily wounded.
The steam dragon bites you. The steam dragon misses you.
You hit the steam dragon.
The steam dragon is severely wounded.
You block the steam dragon's attack. x2
Unknown command.
You barely miss the steam dragon.
The steam dragon is severely wounded.
The steam dragon misses you. You block the steam dragon's attack.
You hit the steam dragon.
The steam dragon is severely wounded.
The steam dragon breathes steam at you. The ball of steam misses you.
You hear a howl!
Unknown command.
Unknown command.
You hit the steam dragon but do no damage.
The steam dragon is severely wounded.
You block the steam dragon's attack. The steam dragon closely misses you.
You hit the steam dragon.
The steam dragon is severely wounded.
You block the steam dragon's attack. The steam dragon misses you.
The steam dragon breathes steam at you. The ball of steam hits you!
You die...

....##................. #@.h#
....##..........#####..# ##yh.#
................#=!$#.......#.#
...)##.##†#.....#)!$#..####.#.#
................#?[!#.......#.###
....##..........#####..##..[.....
......#.#.................###.###
).....>....#§§§§.......# #.#
..........).§.§D@......# #.#
.........#.###.###.###.. ..#
......####<.[..### # ..#
........).......)# ####
.#..#....##......#
......##.............
.##########......#... ##
#......#...# #......# ..#


You could see a steam dragon (catching breath).

Vanquished Creatures
  Maggie (D:7)
  Sigmund (D:4)
  Eustachio (D:4)
  A steam dragon (D:7)
  Menkaure (D:4)
  A water moccasin (D:6)
  2 ice beasts
  2 sky beasts (D:7)
  3 ogres
  A kobold brigand (D:7)
  2 scorpions
  7 bullfrogs (D:7)
  A gnoll sergeant (D:6)
  4 killer bees
  3 howler monkeys (D:7)
  5 hounds
  A jelly (D:6)
  2 gnoll boudas (D:7)
  2 iguanas (D:7)
  An orc wizard (D:3)
  10 gnolls
  5 adders
  A shadow imp (D:5)
  A white imp (D:7)
  2 worms
  15 orcs
  4 bats
  8 endoplasms
  6 giant cockroaches
  11 goblins
  4 hobgoblins
  4 jackals (D:4)
  3 quokkas
  9 ball pythons
  2 frilled lizards
  12 kobolds
  4 rats
143 creatures vanquished.

Vanquished Creatures (others)
  3 plants (D:3)
3 creatures vanquished.

Grand Total: 146 creatures vanquished

Notes
Turn   | Place    | Note
-------+----------+-------------------------------------------
     0 | D:1      | Zonian the Spriggan Brigand began the quest for the Orb.
     0 | D:1      | Reached XP level 1. HP: 10/10 MP: 2/2
   317 | D:1      | Reached skill level 6 in Stealth
   414 | D:1      | Reached XP level 2. HP: 15/15 MP: 3/3
   479 | D:1      | Found a faded altar of an unknown god.
   894 | D:2      | Noticed a scorpion
  1238 | D:2      | Reached XP level 3. HP: 18/18 MP: 4/4
  2703 | D:3      | Reached XP level 4. HP: 17/23 MP: 5/5
  2773 | D:3      | Found Lumemoji's Distillery.
  3101 | D:3      | Bought 2 potions of curing for 78 gold pieces
  3617 | D:3      | Reached XP level 5. HP: 20/26 MP: 6/6
  4168 | D:3      | You fall into a shaft and drop 2 floors!
  4168 | D:5      | Entered Level 5 of the Dungeon
  4181 | D:5      | Reached skill level 7 in Stealth
  4196 | D:5      | Found a stormy altar of Qazlal.
  4670 | D:4      | Identified 2 scrolls of acquirement
  4670 | D:4      | Acquired a +1 rapier of electrocution
  4672 | D:4      | Acquired the +3 buckler "Ugira" {Rampage rPois rN++ Int-3}
  4772 | D:4      | Reached XP level 6. HP: 29/30 MP: 7/7
  4791 | D:4      | Noticed Menkaure
  4810 | D:4      | Killed Menkaure
  5152 | D:4      | Reached skill level 8 in Stealth
  5159 | D:4      | Reached XP level 7. HP: 35/35 MP: 8/8
  5170 | D:4      | Found a blossoming altar of Fedhas.
  5202 | D:4      | Noticed Eustachio
  5269 | D:4      | Noticed Sigmund
  5278 | D:4      | Killed Sigmund
  5279 | D:4      | Reached skill level 5 in Dodging
  5412 | D:4      | Killed Eustachio
  5413 | D:4      | Reached skill level 5 in Short Blades
  5413 | D:4      | Reached skill level 9 in Stealth
  5640 | D:4      | Found an ornate altar of the Wu Jian Council.
  6602 | D:5      | Found a glowing golden altar of the Shining One.
  6683 | D:5      | Found a runed translucent door.
  6684 | D:5      | Noticed Crazy Yiuf
  6958 | D:6      | Noticed Pikel
  7021 | D:6      | Found a shadowy altar of Dithmenos.
  7035 | D:6      | Became a worshipper of Dithmenos the Shadowed
  7441 | D:6      | Reached XP level 8. HP: 22/39 MP: 9/9
  7674 | D:5      | Reached skill level 10 in Stealth
  8216 | D:7      | Noticed Maggie
  8246 | D:7      | Noticed a hornet
  8456 | D:7      | Found a shimmering blue altar of Sif Muna.
  8621 | D:7      | Reached skill level 11 in Stealth
  8651 | D:7      | Reached * piety under Dithmenos
  8666 | D:7      | Reached XP level 9. HP: 41/42 MP: 10/10
  8718 | D:7      | Reached skill level 12 in Stealth
  8730 | D:7      | Killed Maggie
  9435 | D:7      | Killed from afar by a steam dragon

Illustrated notes

Levels and vault maps discovered:
D:1:      doesnt_arrival_eight_statues, layout_loops_ring,
          nicolae_ecumenical_snake_handling, grunt_decor_junction,
          minmay_circled_x
D:2:      layout_basic
D:3:      layout_basic, serial_forest, infiniplex_forest_straight_4,
          infiniplex_forest_fountain, infiniplex_forest_zigzag_2,
          infiniplex_forest_straight_5, infiniplex_forest_straight_2,
          infiniplex_forest_lined_1, infiniplex_forest_clump_curved,
          infiniplex_forest_clump_long, infiniplex_forest_end_double,
          infiniplex_forest_clump_diagonal, serial_shops, nicolae_lakefront_shop
D:4:      layout_basic, nzn_wu_jian_council_hall, old_standard_altar,
          uniq_sigmund, uniq_menkaure, uniq_eustachio
D:5:      layout_basic, tso_altar, nicolae_qazlal_general_emergency,
          uniq_crazy_yiuf_cottage
D:6:      layout_cave_pools, nicolae_dithmenos_through_a_glass_darkly,
          uniq_pikel
D:7:      minmay_s_stair_smasher, layout_rooms, kennysheep_little_box,
          minmay_temple_entry_drinking_statues, due_unseen_surprise, uniq_maggie

Skill      XL: |  1  2  3  4  5  6  7  8  9 |
---------------+----------------------------+-----
Stealth        | 6 7 8 9 11 12 | 12.8
Dodging        | 2 3 4 6 8 9 |  9.8
Fighting       | 2 |  2.0
Short Blades   | 3 4 5 7 8 |  8.4
Throwing       | 3 4 |  4.0

Action                   |  1- 3 |  4- 6 |  7- 9 || total
-------------------------+-------+-------+-------++-------
Melee: Dagger            |   151 |    46 |       ||   197
       Punch             |     2 |     1 |       ||     3
       Short sword       |       |    41 |       ||    41
       Rapier            |       |    32 |   254 ||   286
Throw: Dart              |     7 |     3 |     4 ||    14
Evoke: Wand              |       |     3 |     2 ||     5
  Use: Potion            |       |     3 |     2 ||     5
       Scroll            |       |    13 |     2 ||    15
 Stab: Sleeping          |    11 |     6 |    13 ||    30
       Distracted        |     1 |     3 |     1 ||     5
       Paralysed         |       |     2 |       ||     2
Armor: Robe              |    24 |    23 |    25 ||    72
Dodge: Dodged            |   102 |    71 |   180 ||   353
Block: Buckler           |       |    15 |    95 ||   110

Table legend: (Time is in decaauts)
 A = Elapsed time spent in this place.
 B = Non-inter-level travel time spent in this place.
 C = Inter-level travel time spent in this place.
 D = Time resting spent in this place.
 E = Time spent auto-exploring this place.
 F = Levels seen in this place.
 G = Mean time per level.
                   A        B        C        D        E       F      G
               +--------+--------+--------+--------+--------+-----+--------+
         Total |   7482 |   7259 |    223 |   3323 |   2330 |   7 | 1068.9 |
       Dungeon |   7482 |   7259 |    223 |   3323 |   2330 |   7 | 1068.9 |
               +--------+--------+--------+--------+--------+-----+--------+

Top non-repeatable levels by time:
     D:6: 1400 daAuts
     D:5: 1325 daAuts
     D:2: 1192 daAuts
     D:4: 1156 daAuts
     D:1: 1095 daAuts
     D:3: 974 daAuts
     D:7: 337 daAuts
